 Dungeon Crawl Stone Soup version 0.23-b1-6-ga921848b48 (webtiles) character file.

Game seed: 11889592420457943508

214 Peloso the Covered (level 5, -3/47 HPs)
             Began as a Minotaur Fighter on Feb 2, 2019.
             Killed by divine providence
             ... invoked by an orc priest
              (8 damage)
             ... on level 3 of the Dungeon.
             The game lasted 00:03:09 (1783 turns).

Peloso the Covered (Minotaur Fighter)               Turns: 1783, Time: 00:03:09

Health: -3/47      AC: 10    Str: 20    XL:     5   Next: 59%
Magic:  0/4        EV:  5    Int:  5    God:
Gold:   90         SH:  9    Dex: 11    Spells: 4/4 levels left

rFire    . . .     SeeInvis .   a - +0 long sword
rCold    . . .     Gourm    +   c - +0 shield
rNeg     . . .     Faith    .   h - +0 chain mail
rPois    .         Spirit   +   k - +1 hat
rElec    .         Reflect  .   q - scarf {Spirit}
rCorr    .         Harm     .   (no gloves)
MR       .....                  (no boots)
Stlth    ..........             j - amulet of the gourmand
HPRegen  0.15/turn              (no ring)
MPRegen  0.09/turn              (no ring)

@: no status effects
A: retaliatory headbutt, horns 2
a: no special abilities


You were on level 3 of the Dungeon.
You were not hungry.

You visited 1 branch of the dungeon, and saw 3 of its levels.

You collected 90 gold pieces.

Inventory:

Hand Weapons
 a - a +0 long sword (weapon)
Armour
 b - a +0 scale mail
 c - a +0 shield (worn)
 h - a +0 chain mail (worn)
 k - a +1 hat (worn)
 q - a scarf of spirit shield (worn)
Jewellery
 j - an amulet of the gourmand (around neck)
 r - an uncursed ring of poison resistance {unknown}
Scrolls
 i - a scroll of noise {unknown}
 o - 3 scrolls of remove curse {unknown}
Potions
 d - a potion of might
 e - 4 potions of agility
 g - a potion of degeneration {unknown}
 l - a potion of cancellation {unknown}
 m - 2 potions of brilliance {unknown}
 n - a potion of curing {unknown}
 p - a potion of mutation {unknown}
Comestibles
 f - 5 rations


   Skills:
 + Level 4.8 Fighting
 + Level 3.9 Long Blades
 + Level 5.2 Armour
 + Level 0.5 Dodging
 + Level 0.7 Stealth
 + Level 4.6 Shields


You had 4 spell levels left.
You didn't know any spells.
Your spell library was empty.

Dungeon Overview and Level Annotations

Branches:
Dungeon (3/15)

Altars:


Innate Abilities, Weirdness & Mutations

You reflexively headbutt those who attack you in melee.
You have a pair of horns on your head.


Message History

Your shield and chain mail prevent you from hitting the orc.
You block the orc's attack.
The orc priest calls down the wrath of Beogh upon you.
Beogh smites you! The orc hits you but does no damage.
Your shield and chain mail prevent you from hitting the orc.
You headbutt the orc!
You kill the orc!
You slash the rat!
You kill the rat!
The giant cockroach waves its antennae.
The orc priest casts a cantrip, but nothing happens.
You slash the giant cockroach!
You kill the giant cockroach!
The orc priest mumbles some strange prayers to Beogh against you.
Beogh smites you!
* * * LOW HITPOINT WARNING * * *
The orc completely misses you.
The orc priest invokes the aid of Beogh against you.
Beogh smites you!
You die...

........ #......#
#...... #.....
#.... ...
#.###############.
#.#...............
.
#@#.....o.ยง.......
..
#o#.....o.........
...
#.#......########.
.... #o#....o.# .
.....###o#....$.#
........o#......#
#...............+
##########......#
###......#


You could see 2 orc priests, an orc wizard and an orc.

Vanquished Creatures
  A bullfrog zombie (D:2)
  Natasha (thrice) (D:2)
  A worker ant (D:2)
  An adder (D:2)
  2 worms (D:2)
  3 dart slugs
  An orc (D:3)
  10 giant cockroaches
  5 goblins
  5 hobgoblins (D:1)
  5 jackals
  4 kobolds
  2 quokkas (D:2)
  2 ball pythons (D:1)
  4 bats
  8 frilled lizards
  6 rats
63 creatures vanquished.

Notes
Turn   | Place    | Note
-------+----------+-------------------------------------------
     0 | D:1      | Peloso the Minotaur Fighter began the quest for the Orb.
     0 | D:1      | Reached XP level 1. HP: 19/19 MP: 0/0
   202 | D:1      | Reached XP level 2. HP: 27/27 MP: 1/1
   256 | D:1      | Reached skill level 4 in Armour
   621 | D:1      | Reached XP level 3. HP: 33/33 MP: 2/2
   862 | D:2      | Noticed Natasha
   870 | D:2      | Killed Natasha
   870 | D:2      | Reached XP level 4. HP: 20/41 MP: 3/3
  1156 | D:2      | Noticed Natasha
  1165 | D:2      | Killed Natasha
  1202 | D:2      | Noticed Natasha
  1211 | D:2      | Killed Natasha
  1211 | D:2      | Reached XP level 5. HP: 41/47 MP: 4/4
  1637 | D:2      | Reached skill level 5 in Armour
  1783 | D:3      | Killed from afar by an orc priest

Skill      XL: |  1  2  3  4  5 |
---------------+----------------+-----
Armour         | 4 5 |  5.2
Fighting       | 4 |  4.8
Shields        | 4 |  4.6
Long Blades    | 3 |  3.9
Dodging        | |  0.5
Stealth        | |  0.7

Action                   |  1- 3 |  4- 6 || total
-------------------------+-------+-------++-------
Melee: Long sword        |   103 |    58 ||   161
       Headbutt          |    15 |    17 ||    32
  Use: Scroll            |     5 |       ||     5
  Eat: Chunk             |       |     4 ||     4
Armor: Scale mail        |    35 |       ||    35
       Chain mail        |     8 |    37 ||    45
Dodge: Dodged            |    20 |    15 ||    35
Block: Shield            |    61 |    34 ||    95
       Rpst.: Long sword |     5 |     3 ||     8
